 Dungeon Crawl Stone Soup version 0.18.1-50-g88ac8fd (webtiles) character file.

7588 nikopol the Spear-Bearer (level 10, 0/93 HPs)
             Began as a Minotaur Berserker on Sept 16, 2016.
             Was the Champion of Trog.
             Slain by an unseen horror (6 damage)
             ... on level 10 of the Dungeon.
             The game lasted 00:32:50 (9818 turns).

nikopol the Spear-Bearer (Minotaur Berserker)       Turns: 9818, Time: 00:32:51

Health: 0/93       AC: 13    Str: 25    XL:     10   Next: 97%
Magic:  9/9        EV: 19    Int:  4    God:    Trog [******]
Gold:   411        SH:  4    Dex: 14    Spells: 0 memorised, 9 levels left

rFire  . . .     SeeInvis .     a - +3 trident (freeze)
rCold  . . .     Gourm    .     L - +2 ring mail "Ecayrch" {Str+4}
rNeg   . . .     Faith    .     (no shield)
rPois  +         Spirit   .     x - +1 hat
rElec  +         Dismiss  .     H - +0 cloak
rCorr  .         Reflect  +     (no gloves)
SustAt .         Harm     .     j - +1 pair of boots
MR     +....                    A - +4 amulet of reflection
Stlth  +.........               K - +3 ring of evasion
                                t - ring of poison resistance

@: exhausted, slowed, very slow, somewhat resistant to hostile enchantments,
very unstealthy
A: retaliatory headbutt, horns 2, magic resistance 1, electricity resistance
a: Berserk, Trog's Hand, Brothers in Arms, Burn Spellbooks, Renounce Religion


You were on level 10 of the Dungeon.
You worshipped Trog.
Trog was exalted by your worship.
You were near starving.

You visited 1 branch of the dungeon, and saw 10 of its levels.
You also visited: Sewer.

You collected 663 gold pieces.
You spent 252 gold pieces at shops.

Inventory:

Hand Weapons
 a - a +3 trident of freezing (weapon)
 z - a +0 shortbow
 B - a +5 scythe of freezing
 S - a cursed -3 trident
Missiles
 u - 144 arrows (quivered)
Armour
 j - a +1 pair of boots (worn)
 x - a +1 hat (worn)
 H - a +0 cloak (worn)
 L - the +2 ring mail "Ecayrch" (worn) {Str+4}
   (You bought it in a shop on level 8 of the Dungeon)

   It affects your strength (+4).
Jewellery
 b - an uncursed ring of sustain attributes {unknown}
 p - a cursed ring of loudness {unknown}
 t - a ring of poison resistance (left hand)
 A - a +4 amulet of reflection (around neck)
 D - a cursed ring of loudness {unknown}
 F - a cursed ring of teleportation {unknown}
 K - a +3 ring of evasion (right hand)
 T - an uncursed amulet of regeneration {unknown}
Wands
 m - a wand of confusion (26/48)
 M - a wand of polymorph (3/24)
 N - a wand of disintegration (14/24)
 P - a wand of confusion (18/48)
Scrolls
 e - 2 scrolls of recharging
 f - a scroll of remove curse
 h - a scroll of enchant armour
 k - 3 scrolls of identify
 l - 5 scrolls of teleportation
 o - 5 scrolls of fog {unknown}
 v - a scroll of fear {unknown}
 y - 3 scrolls of blinking {unknown}
 E - a scroll of summoning {unknown}
 G - a scroll of magic mapping {unknown}
Potions
 g - 8 potions of heal wounds
 n - 3 potions of magic
 q - 3 potions of curing
 r - a potion of resistance
 s - 2 potions of invisibility
 I - 2 potions of brilliance
 O - 6 potions of flight
 R - 2 potions of ambrosia {unknown}
Comestibles
 c - 8 bread rations
 d - 3 beef jerkies
 i - a slice of pizza
 w - 5 meat rations
 C - a chunk of flesh
 J - 17 fruits
 Q - a royal jelly


   Skills:
 + Level 9.8 Fighting
   Level 5.3(9.1) Axes
 * Level 11.3(11.8) Polearms
 * Level 3.6 Bows
 + Level 9.4 Armour
 + Level 8.3 Dodging


You had 9 spell levels left.
You didn't know any spells.

Dungeon Overview and Level Annotations

Branches:
Dungeon (10/15)            Temple (0/1) D:6            Lair (0/8) D:10
    Orc: D:9-12

Altars:
Ashenzari
Cheibriados
Fedhas
Gozag
Kikubaaqudgha
Makhleb
Okawaru
Pakellas
Qazlal
Ru
Trog
Xom
Yredelemnul
Zin
The Shining One

Shops:
D:8 [   D:9 [


Innate Abilities, Weirdness & Mutations

You reflexively headbutt those who attack you in melee.
You have a pair of horns on your head.
You are resistant to hostile enchantments.
You are resistant to electric shocks.


Message History

Something barely misses you.
You feel a strong urge to attack something.
Something barely misses you.
You puncture something! You freeze something. Something completely misses you.
Something hits you but does no damage.
You feel a strong urge to attack something.
Something hits you but does no damage. Something hits you but does no damage.
You feel your anger subside.
You are no longer berserk.
You are exhausted.
You feel yourself slow down.
You are near starving!
Something closely misses you. Something hits you!
* * * LOW HITPOINT WARNING * * *
Something hits you but does no damage. Something hits you.
* * * LOW HITPOINT WARNING * * *
Something hits you.
You die...

......# #.# #.#
#......... ......#
#.# #.# #.........
......# #.# #.#
#......... .....<#
#.# #.# #.........
......# #.# #.#
#......... ......#
#># #.# #.........
......###.# #.#
#.........
..........# #.#
#........)
..........# #@#
#........)
..†##.....# #.#
#.......##
..)##.....# #.#
..#.......#
.[.##.....######.#
#..........#
.)†##............#
#..........#
..)##......####..#
#..#.......#
..)##......#
#..####..#.......#
...##......#
#........#
...##......#
#........# ..#


There were no monsters in sight!

Vanquished Creatures
  The ghost of appiemonkey the Fighter, a novice MiFi of Qazlal (D:10)
  The ghost of jazmu the Arsonist, a novice OpFE of Vehumet (D:8)
  A hill giant (D:10)
  A kobold demonologist (D:10)
  Prince Ribbit (D:5)
  Sigmund (D:4)
  3 yaks (D:10)
  A hippogriff (D:8)
  Grum (D:9)
  2 water moccasins
  2 sky beasts (D:9)
  An ice beast (D:5)
  The ghost of appiemonkey the Skirmisher, an amateur MiFi (D:3)
  2 black bears
  An eye of draining (shapeshifter) (D:9)
  3 orc warriors
  2 centaurs
  4 wolves (D:9)
  3 ogres
  3 giant frogs
  4 scorpions
  A water moccasin skeleton (D:4)
  3 killer bees (D:10)
  9 wights
  4 crimson imps
  A quasit (D:6)
  A giant frog zombie (D:7)
  4 hounds
  A wasp zombie (D:6)
  3 orc priests
  A giant frog skeleton (D:5)
  2 centaur skeletons
  13 orc wizards
  Jessica (D:2)
  5 iguanas
  3 worker ants
  A hound zombie (D:9)
  2 hound skeletons
  Robin (D:4)
  6 gnolls
  10 adders
  4 river rats (D:10)
  A shadow imp (D:9)
  8 oozes
  An adder skeleton (D:4)
  An adder zombie (D:8)
  7 worms
  2 dart slugs
  11 giant geckos
  40 orcs
  4 ball pythons
  20 bats
  11 giant cockroaches
  2 gnoll zombies (D:6)
  17 goblins
  8 hobgoblins
  7 jackals
  6 quokkas
  4 giant newts
  11 kobolds
  20 rats
  3 fungi
  2 plants
301 creatures vanquished.

Vanquished Creatures (others)
  A sky beast (D:9)
  A hound (D:9)
  An adder (D:9)
  A fungus (D:10)
4 creatures vanquished.

Grand Total: 305 creatures vanquished

Notes
Turn   | Place    | Note
--------------------------------------------------------------
     0 | D:1      | nikopol the Minotaur Berserker began the quest for the Orb.
     0 | D:1      | Reached XP level 1. HP: 19/19 MP: 0/0
   200 | D:1      | Reached XP level 2. HP: 25/27 MP: 1/1
   236 | D:1      | You fall through a shaft!
   654 | D:1      | Reached XP level 3. HP: 33/33 MP: 2/2
   708 | D:1      | Reached ** piety under Trog
  1148 | D:2      | Found a faded altar to an unknown god.
  1253 | D:2      | Noticed Jessica
  1263 | D:2      | Killed Jessica
  1263 | D:2      | Reached XP level 4. HP: 40/40 MP: 3/3
  1425 | D:2      | Noticed a moth of wrath
  1429 | D:2      | Found a bloodstained altar of Trog.
  1810 | D:3      | Noticed appiemonkey's ghost (amateur MiFi)
  1818 | D:3      | Killed appiemonkey's ghost
  1818 | D:3      | Reached XP level 5. HP: 11/47 MP: 4/4
  2086 | D:3      | Reached skill level 5 in Axes
  2102 | D:3      | Reached *** piety under Trog
  2113 | D:3      | Reached skill level 5 in Fighting
  2133 | D:3      | Found a snail-covered altar of Cheibriados.
  2137 | D:3      | Reached XP level 6. HP: 56/56 MP: 5/5
  2222 | D:3      | Found a glowing golden altar of the Shining One.
  2676 | D:3      | Found a burning altar of Makhleb.
  2677 | D:3      | Found a shimmering altar of Xom.
  2745 | D:3      | You fall through a shaft for 3 floors!
  2745 | D:6      | Found a shattered altar of Ashenzari.
  2800 | D:6      | Found a staircase to the Ecumenical Temple.
  2817 | D:5      | Entered Level 5 of the Dungeon
  2835 | D:5      | Found a glowing drain.
  2859 | Sewer    | Entered a sewer
  2915 | Sewer    | Reached skill level 1 in Polearms
  2916 | Sewer    | Reached **** piety under Trog
  3545 | D:5      | Noticed a water moccasin
  3560 | D:5      | Killed a water moccasin
  3560 | D:5      | Reached skill level 2 in Polearms
  3560 | D:5      | Reached skill level 5 in Armour
  3560 | D:5      | Reached XP level 7. HP: 25/62 MP: 6/6
  3577 | D:4      | Found a sacrificial altar of Ru.
  3846 | D:4      | Reached skill level 3 in Polearms
  3901 | D:4      | Found a blossoming altar of Fedhas.
  4058 | D:4      | Noticed Sigmund
  4069 | D:4      | Killed Sigmund
  4069 | D:4      | Reached skill level 4 in Polearms
  4309 | D:4      | Noticed Robin
  4315 | D:4      | Reached ***** piety under Trog
  4326 | D:4      | Killed Robin
  4653 | D:5      | Reached XP level 8. HP: 71/71 MP: 7/7
  4834 | D:5      | Reached skill level 5 in Polearms
  4834 | D:5      | Reached skill level 5 in Dodging
  4867 | D:5      | Found an opulent altar of Gozag.
  4869 | D:5      | Noticed Prince Ribbit
  4880 | D:5      | Killed Prince Ribbit
  5197 | D:5      | Found an ancient bone altar of Kikubaaqudgha.
  5205 | D:5      | Reached skill level 6 in Polearms
  5206 | D:5      | Found a stormy altar of Qazlal.
  5209 | D:5      | Found a shattered altar of Ashenzari.
  5691 | D:6      | Found a basalt altar of Yredelemnul.
  5714 | D:6      | Reached skill level 7 in Polearms
  6298 | D:7      | Found an oddly glowing altar of Pakellas.
  6333 | D:7      | Reached XP level 9. HP: 79/79 MP: 8/8
  6722 | D:7      | Reached skill level 8 in Polearms
  6888 | D:7      | Found a shimmering altar of Xom.
  7054 | D:8      | Found Zykol's Antique Armour Boutique.
  7083 | D:8      | Bought a brightly glowing ring mail for 252 gold pieces
  7094 | D:8      | Identified the +2 ring mail "Ecayrch" {Str+4} (You bought it in a shop on level 8 of the Dungeon)
  7215 | D:8      | Noticed jazmu's ghost (novice OpFE)
  7215 | D:8      | Found a basalt altar of Yredelemnul.
  7221 | D:8      | Killed jazmu's ghost
  7221 | D:8      | Reached skill level 9 in Polearms
  7392 | D:8      | Found an iron altar of Okawaru.
  7436 | D:8      | Found a blossoming altar of Fedhas.
  7826 | D:8      | Noticed an angel
  7827 | D:8      | Found a glowing silver altar of Zin.
  7871 | D:9      | Gained mutation: You are resistant to hostile enchantments. [potion of beneficial mutation]
  7872 | D:9      | Gained mutation: You are resistant to electric shocks. [potion of beneficial mutation]
  8396 | D:9      | Found Etoemikk's Armour Boutique.
  8456 | D:9      | Noticed Grum
  8460 | D:9      | Reached XP level 10. HP: 74/90 MP: 9/9
  8464 | D:9      | Reached skill level 10 in Polearms
  8663 | D:9      | Killed Grum
  8872 | D:10     | Entered Level 10 of the Dungeon
  8872 | D:10     | Noticed a hill giant
  8885 | D:10     | Killed a hill giant
  8977 | D:10     | Noticed appiemonkey's ghost (novice MiFi)
  8995 | D:10     | Killed appiemonkey's ghost
  8995 | D:10     | Reached skill level 11 in Polearms
  8995 | D:10     | Reached skill level 1 in Bows
  9001 | D:10     | Received a gift from Trog
  9056 | D:10     | Noticed a sixfirhy
  9268 | D:10     | Found a staircase to the Lair.
  9419 | D:10     | Reached ****** piety under Trog
  9818 | D:10     | Slain by an unseen horror

Skill      XL: |  1  2  3  4  5  6  7  8  9 10 |
---------------+-------------------------------+-----
Fighting       | 4 5 6 7 8 9 |  9.8
Armour         | 3 4 5 6 8 9 |  9.4
Axes           | 4 5 |  5.3
Dodging        | 3 4 5 7 8 |  8.3
Polearms       | 2 4 7 9 11 | 11.3
Bows           | 3 |  3.6

Action                   |  1- 3 |  4- 6 |  7- 9 | 10-12 || total
-------------------------+-------+-------+-------+-------++-------
Melee: Hand axe          |    61 |    72 |       |       ||   133
       Headbutt          |    10 |    26 |    52 |    36 ||   124
       Trident           |       |    79 |   306 |   195 ||   580
       Unarmed           |       |       |       |     3 ||     3
 Fire: Shortbow          |       |       |       |    71 ||    71
Invok: Berserk           |     1 |     3 |     3 |     2 ||     9
       Trog's Hand       |       |       |     1 |       ||     1
       Burn Spellbooks   |       |       |     1 |     1 ||     2
  Use: Scroll            |       |     5 |    10 |       ||    15
       Potion            |       |       |     2 |       ||     2
 Stab: Paralysed         |       |       |     1 |       ||     1
  Eat: Chunk             |     2 |    11 |    19 |     5 ||    37
Armor: Animal skin       |     5 |       |       |       ||     5
       Ring mail         |    13 |    43 |    28 |    48 ||   132
       Chain mail        |       |       |    36 |       ||    36
Dodge: Dodged            |    28 |   114 |   130 |   123 ||   395
Block: Other             |       |       |    34 |    30 ||    64
       Reflection        |       |       |     4 |       ||     4
